[Event "Titled Tuesday Blitz March 15 Early 2022"]
[White "P., Komal Kishore"]
[Black "Hoffmann, Asa"]
[WhiteFideId "5016703"]
[BlackFideId "2001470"]
[WhiteElo "2118"]
[BlackElo "2117"]
[Result "0-1"]
[Round "08"]
[TimeControl "180+1"]
[Date "2022.03.15"]
[WhiteClock "0:00:01"]
[BlackClock "0:01:10"]

1. e4 d6 2. d4 Nf6 3. Nc3 c6 4. f4 Qa5 5. Bd3 e5 6. dxe5 dxe5 7. fxe5 Ng4 8. Bf4 Bc5 9. Nh3 Qb6 10. Na4 Qa5+ 11. c3 Be3 12. b4 Qc7 13. Bxe3 Nxe3 14. Qf3 Ng4 15. O-O Nxe5 16. Qg3 O-O 17. Ng5 Qe7 18. Nc5 b6 19. Nb3 h6 20. Nf3 Nxd3 21. Nfd4 Ne5 22. Rae1 f6 23. Nf5 Bxf5 24. exf5 Nbd7 25. Nd4 Qd6 26. Ne6 Rf7 27. Rd1 Qe7 28. Rfe1 Nf8 29. Nf4 Rd8 30. Ng6 Nfxg6 31. fxg6 Rff8 32. Rxd8 Rxd8 33. Qh3 Qd7 34. Qf3 Qd5 35. Qf5 c5 0-1


[Site "https://www.chess.com"]

[Event "Titled Tuesday Blitz March 15 Early 2022"]
[White "Perez Gormaz, Matias"]
[Black "Gaehwiler, Gabriel"]
[WhiteFideId "3406342"]
[BlackFideId "1314530"]
[WhiteElo "2327"]
[BlackElo "2383"]
[Result "0-1"]
[Round "08"]
[TimeControl "180+1"]
[Date "2022.03.15"]
[WhiteClock "0:00:04"]
[BlackClock "0:00:10"]

1. e4 c5 2. Nf3 d6 3. d4 cxd4 4. Nxd4 Nf6 5. Nc3 Nc6 6. Be2 a6 7. O-O e6 8. Be3 Bd7 9. f4 Nxd4 10. Bxd4 Bc6 11. Bd3 Be7 12. Kh1 b5 13. a3 O-O 14. Qf3 Rc8 15. Rae1 Nd7 16. Qh3 e5 17. Be3 exf4 18. Bxf4 Ne5 19. Rd1 Qd7 20. Qg3 Qe6 21. Ne2 Qg6 22. Qe3 Ng4 23. Qg3 Ne5 24. Qe3 Ng4 25. Qg3 Nf6 26. Bxd6 Qxg3 27. Bxg3 Nxe4 28. Bf4 Bf6 29. c3 Rfe8 30. Nd4 Bxd4 31. cxd4 Bd5 32. h3 f6 33. Kh2 Kf7 34. Rfe1 Rc6 35. Rc1 Rxc1 36. Rxc1 Nf2 37. Rc7+ Kg8 38. Bf5 Be4 39. Bd7 Rd8 40. Ra7 Nd3 41. Be6+ Kh8 42. Bc7 Re8 43. d5 Nc5 44. Bd6 Nxe6 45. dxe6 Rxe6 46. Rxa6 h5 47. Rb6 Bd3 48. Bc5 Re2 49. Rb8+ Kh7 50. Kg1 Rxb2 51. Bb4 Be4 52. g4 Rg2+ 53. Kf1 hxg4 54. hxg4 Rxg4 55. Kf2 Bd3 56. Ke3 Bc4 57. Rb7 Rg3+ 58. Kd4 Kg6 59. Bf8 Rd3+ 60. Kc5 Kf5 61. Rxg7 Rxa3 62. Bd6 Rd3 63. Rg1 Rd5+ 64. Kc6 Ke6 65. Re1+ Kf7 66. Bc5 Rd3 67. Rg1 f5 68. Re1 Kf6 69. Be7+ Kg6 70. Bc5 Kg5 71. Bd6 Kg4 72. Rg1+ Kf3 73. Re1 Re3 74. Rxe3+ Kxe3 75. Kc5 f4 76. Be7 f3 77. Bh4 Ke2 78. Kb4 f2 79. Bxf2 Kxf2 0-1


[Site "https://www.chess.com"]

[Event "Titled Tuesday Blitz March 15 Early 2022"]
[White "Petersson, Kjell"]
[Black "Alinasab, Mobina"]
[WhiteFideId "1705148"]
[BlackFideId "12528897"]
[WhiteElo "2009"]
[BlackElo "2052"]
[Result "0-1"]
[Round "08"]
[TimeControl "180+1"]
[Date "2022.03.15"]
[WhiteClock "0:00:07"]
[BlackClock "0:00:23"]

1. d4 Nf6 2. Bf4 e6 3. e3 b6 4. Nf3 Bb7 5. Bd3 Be7 6. Nbd2 c5 7. Nc4 d6 8. c3 O-O 9. O-O a6 10. Qe2 cxd4 11. exd4 b5 12. Ncd2 Nbd7 13. h3 Qc7 14. c4 bxc4 15. Nxc4 Nb6 16. Rac1 Nxc4 17. Rxc4 Qd7 18. Rfc1 Nd5 19. Bg3 g6 20. Be4 Rfc8 21. b3 Nb6 22. Bxb7 Qxb7 23. Rxc8+ Rxc8 24. Qd2 Rc6 25. Ne1 Qc8 26. Nd3 Nd5 27. Kf1 Rxc1+ 28. Qxc1 Qxc1+ 29. Nxc1 Nb4 30. Ke2 d5 31. Kd2 Bg5+ 32. f4 Bf6 33. Kc3 Nc6 34. Bf2 Kf8 35. Nd3 Ke7 36. Ne5 Nd8 37. Kb4 Kd6 38. Ka5 Be7 39. Kxa6 f6 40. Nd3 Kc6 41. a4 Nb7 42. b4 Nd6 43. b5+ Kc7 44. b6+ Kc8 45. Nc5 Kb8 46. b7 Kc7 47. Nd7 Nxb7 48. Nc5 Bxc5 49. dxc5 Kc6 50. a5 e5 51. fxe5 fxe5 52. Ka7 d4 53. a6 Nxc5 54. Be1 Kb5 55. g4 Nxa6 56. Kb7 e4 57. h4 d3 58. Bd2 Nc5+ 59. Kc7 Nb3 60. Be3 d2 61. Bxd2 Nxd2 0-1


[Site "https://www.chess.com"]

[Event "Titled Tuesday Blitz March 15 Early 2022"]
[White "Polster, Christian"]
[Black "Matinian, Nikita"]
[WhiteFideId "12965081"]
[BlackFideId "24129100"]
[WhiteElo "2314"]
[BlackElo "2422"]
[Result "0-1"]
[Round "08"]
[TimeControl "180+1"]
[Date "2022.03.15"]
[WhiteClock "0:01:16"]
[BlackClock "0:02:35"]

1. e4 c5 2. Nc3 Nc6 3. Nge2 g6 4. d4 cxd4 5. Nxd4 Bg7 6. Be3 d6 7. f3 Nf6 8. Bc4 O-O 9. Bb3 Na5 10. g4 Bd7 11. Qe2 Rc8 12. O-O-O Nxb3+ 13. cxb3 Bxg4 14. fxg4 Nxe4 15. Kb1 Rxc3 16. bxc3 Nxc3+ 0-1


[Site "https://www.chess.com"]

[Event "Titled Tuesday Blitz March 15 Early 2022"]
[White "Pourkashiyan, Atousa"]
[Black "Sanchez, Robert"]
[WhiteFideId "12502014"]
[BlackFideId "2034360"]
[WhiteElo "2247"]
[BlackElo "2319"]
[Result "0-1"]
[Round "08"]
[TimeControl "180+1"]
[Date "2022.03.15"]
[WhiteClock "0:00:08"]
[BlackClock "0:00:11"]

1. e4 e6 2. d4 d5 3. Nd2 Nf6 4. e5 Nfd7 5. c3 c5 6. Bd3 Nc6 7. Ne2 cxd4 8. cxd4 f6 9. exf6 Nxf6 10. O-O Bd6 11. Nf3 Qc7 12. g3 O-O 13. Bf4 Bxf4 14. Nxf4 e5 15. dxe5 Nxe5 16. Rc1 Nc6 17. Nd4 Qd6 18. Nb5 Qd8 19. Bc2 a6 20. Nd4 Qd6 21. Bb3 Bd7 22. Re1 Rfe8 23. Qd3 Rxe1+ 24. Rxe1 Re8 25. Rd1 Bg4 26. f3 Bd7 27. Nxc6 bxc6 28. Qd4 Qe7 29. Rc1 g5 30. Nd3 Kg7 31. Re1 Qf8 32. Re5 Rxe5 33. Qxe5 h6 34. Kg2 Qe8 35. f4 Qxe5 36. fxe5 Ne4 37. Bc2 c5 38. Nf2 Nxf2 39. Kxf2 Kf7 40. Bd3 a5 41. Ba6 Ke6 42. Ke3 Kxe5 43. Be2 d4+ 44. Kd2 Be6 45. Bf3 Bxa2 46. Kd3 Bd5 47. Bh5 c4+ 48. Kd2 Be4 49. Bf7 Bd5 50. Bg6 Kd6 51. Kc2 Kc5 52. Kd2 Kb4 53. Kc2 a4 54. h4 gxh4 55. gxh4 a3 56. bxa3+ Kxa3 57. Kd2 Kb2 58. Bf5 Bc6 59. Be6 Bb5 60. Bf5 c3+ 61. Kd1 d3 62. h5 c2+ 0-1


[Site "https://www.chess.com"]

[Event "Titled Tuesday Blitz March 15 Early 2022"]
[White "Quirke, Jeffrey"]
[Black "Petrova, Irina"]
[WhiteFideId "2013029"]
[BlackFideId "14124122"]
[WhiteElo "2232"]
[BlackElo "1993"]
[Result "1-0"]
[Round "08"]
[TimeControl "180+1"]
[Date "2022.03.15"]
[WhiteClock "0:00:09"]
[BlackClock "0:00:14"]

1. c4 d6 2. g3 e5 3. Bg2 Nc6 4. Nc3 f5 5. d3 Nf6 6. Nf3 g6 7. O-O Bg7 8. Rb1 O-O 9. b4 f4 10. b5 Ne7 11. Bb2 fxg3 12. hxg3 Bg4 13. a4 Qd7 14. a5 Bh3 15. a6 Bxg2 16. Kxg2 bxa6 17. bxa6 Qg4 18. Nh2 Qd7 19. e4 Nc6 20. Qa4 Nh5 21. Nd5 Rf7 22. Bc3 Nf6 23. Rb7 Nxd5 24. cxd5 Nd8 25. Qxd7 Rxd7 26. Rb3 c6 27. Rfb1 cxd5 28. exd5 Rc8 29. Bd2 Kf7 30. Be3 Ke8 31. Nf3 Bf6 32. Nd2 Rdc7 33. Nc4 Kd7 34. Rb7 Nxb7 35. axb7 Rb8 36. Na5 Rc2 37. Bxa7 Kc7 38. Bxb8+ Kxb8 39. Nc6+ Rxc6 40. dxc6 d5 41. c7+ 1-0


[Site "https://www.chess.com"]

[Event "Titled Tuesday Blitz March 15 Early 2022"]
[White "Rosen, Eric"]
[Black "Tasev, Dejan"]
[WhiteFideId "2032562"]
[BlackFideId "936618"]
[WhiteElo "2565"]
[BlackElo "2555"]
[Result "1-0"]
[Round "08"]
[TimeControl "180+1"]
[Date "2022.03.15"]
[WhiteClock "0:00:07"]
[BlackClock "0:00:08"]

1. d4 Nf6 2. Bf4 e6 3. e3 b6 4. Qf3 Nc6 5. Nc3 Bb7 6. O-O-O a6 7. g4 Bb4 8. Nge2 h6 9. Qg3 d6 10. Bg2 Bxc3 11. Nxc3 Qd7 12. h4 O-O-O 13. Bf3 Na5 14. g5 hxg5 15. hxg5 Rxh1 16. Rxh1 Ne8 17. Rh8 Bxf3 18. Qxf3 Qc6 19. Qxc6 Nxc6 20. Rf8 f6 21. g6 Ne7 22. Bg3 Nxg6 23. Rg8 Kd7 24. d5 e5 25. f4 f5 26. e4 exf4 27. Bf2 Ke7 28. exf5 Kf7 29. Rxe8 Rxe8 30. fxg6+ Kxg6 31. Kd2 Kf5 32. Ne2 g5 33. Nd4+ Kg4 34. c4 Kh3 35. Ne6 Rg8 36. Ke1 Kg2 37. b4 f3 38. Bd4 g4 39. Nf4+ Kh2 40. Kf2 Rf8 41. Be3 Rf5 42. a4 Rf6 43. c5 bxc5 44. bxc5 dxc5 45. Nh5 Rf8 46. Bf4+ Kh3 47. Bxc7 c4 48. d6 c3 49. d7 c2 50. Bf4 Rxf4 51. Nxf4+ Kh2 52. d8=Q g3+ 53. Kxf3 c1=Q 54. Qh4+ Kg1 55. Qxg3+ Kf1 56. Qg2+ Ke1 57. Qe2# 1-0


[Site "https://www.chess.com"]

[Event "Titled Tuesday Blitz March 15 Early 2022"]
[White "Samadov, Read"]
[Black "Zhigalko, Sergei"]
[WhiteFideId "13417444"]
[BlackFideId "13502956"]
[WhiteElo "2084"]
[BlackElo "2662"]
[Result "1-0"]
[Round "08"]
[TimeControl "180+1"]
[Date "2022.03.15"]
[WhiteClock "0:00:04"]
[BlackClock "0:00:05"]

1. d4 Nf6 2. c4 e6 3. Nf3 b6 4. a3 Ba6 5. Qc2 Bb7 6. Nc3 c5 7. e4 cxd4 8. Nxd4 Nc6 9. Nf3 Qc7 10. Be2 a6 11. Bg5 Ng4 12. Rd1 Bc5 13. Bh4 O-O 14. h3 Nge5 15. Bg3 Bd6 16. Nxe5 Bxe5 17. Bxe5 Nxe5 18. Qd2 Rac8 19. O-O Rfd8 20. Qd4 d6 21. Rc1 Qc5 22. Rfd1 Kf8 23. b4 Qxd4 24. Rxd4 Ke7 25. f4 Nc6 26. Rdd1 Nb8 27. Kf2 Rc7 28. Ke3 Rdc8 29. Na4 Nd7 30. Nb2 b5 31. Rc2 Nb6 32. Rdc1 g6 33. Bd3 bxc4 34. Nxc4 Nxc4+ 35. Rxc4 Rxc4 36. Rxc4 Rxc4 37. Bxc4 e5 38. g3 f6 39. a4 h6 40. a5 g5 41. h4 exf4+ 42. gxf4 gxh4 43. Kf3 f5 44. Bd5 fxe4+ 45. Bxe4 Bxe4+ 46. Kxe4 d5+ 47. Kf3 d4 48. b5 d3 49. bxa6 d2 50. Ke2 h3 51. a7 d1=Q+ 52. Kxd1 h2 53. a8=Q h1=Q+ 54. Qxh1 1-0


[Site "https://www.chess.com"]

[Event "Titled Tuesday Blitz March 15 Early 2022"]
[White "Santos Ruiz, Miguel"]
[Black "Indjic, Aleksandar"]
[WhiteFideId "22291482"]
[BlackFideId "911925"]
[WhiteElo "2486"]
[BlackElo "2616"]
[Result "0-1"]
[Round "08"]
[TimeControl "180+1"]
[Date "2022.03.15"]
[WhiteClock "0:00:25"]
[BlackClock "0:01:35"]

1. d4 Nf6 2. Nf3 e6 3. e3 b6 4. Bd3 Bb7 5. O-O d5 6. Nbd2 Nbd7 7. Qe2 Ne4 8. Ne5 Nxe5 9. dxe5 Nxd2 10. Bxd2 a6 11. e4 c5 12. exd5 Qxd5 13. f3 Qd4+ 14. Kh1 Be7 15. Bc3 Qh4 16. Rad1 O-O 17. g3 Qa4 18. b3 Qc6 19. Be4 Qc7 20. Rd2 Rad8 21. Rfd1 Bxe4 22. Qxe4 g6 23. Kg2 h5 24. a4 Rxd2+ 25. Rxd2 Rd8 26. Kf1 b5 27. Rxd8+ Qxd8 28. Ke2 Qd5 29. Bd2 Qxe4+ 30. fxe4 bxa4 31. bxa4 c4 32. Be3 Bb4 33. Bb6 Bc3 34. Bc7 Kf8 35. Ke3 Ke8 36. Kf4 Bd2+ 37. Kf3 Kd7 38. Bd6 Kc6 39. Ke2 Bc3 40. Ke3 Kb6 0-1


[Site "https://www.chess.com"]

[Event "Titled Tuesday Blitz March 15 Early 2022"]
[White "Sarana, Alexey"]
[Black "Mekhitarian, Krikor Sevag"]
[WhiteFideId "24133795"]
[BlackFideId "2107660"]
[WhiteElo "2666"]
[BlackElo "2598"]
[Result "1-0"]
[Round "08"]
[TimeControl "180+1"]
[Date "2022.03.15"]
[WhiteClock "0:01:15"]
[BlackClock "0:00:05"]

1. d4 Nf6 2. c4 g6 3. Nc3 d5 4. cxd5 Nxd5 5. e4 Nxc3 6. bxc3 Bg7 7. Bc4 c5 8. Ne2 Nc6 9. Be3 O-O 10. Rc1 cxd4 11. cxd4 Qa5+ 12. Rc3 Bg4 13. f3 Rfd8 14. Qd2 Be6 15. Bxe6 fxe6 16. Rd3 Qa6 17. Kf2 Ne5 18. Rb3 Nc4 19. Qb4 Nxe3 20. Rxe3 Qd6 21. Rb1 Bxd4 22. Nxd4 Qxd4 23. Qxe7 Qd2+ 24. Re2 Qd4+ 25. Kf1 Rac8 26. Qxe6+ Kh8 27. e5 Rc6 28. Qe7 Rdc8 29. Rbe1 Rc1 30. h4 h5 31. Qg5 Rxe1+ 32. Rxe1 Qd3+ 33. Kg1 Rc2 34. e6 Qd4+ 35. Kh2 1-0


[Site "https://www.chess.com"]

[Event "Titled Tuesday Blitz March 15 Early 2022"]
[White "Sarkar, Justin"]
[Black "Budrewicz, Krzysztof"]
[WhiteFideId "2010011"]
[BlackFideId "1127950"]
[WhiteElo "2038"]
[BlackElo "2248"]
[Result "0-1"]
[Round "08"]
[TimeControl "180+1"]
[Date "2022.03.15"]
[WhiteClock "0:00:01"]
[BlackClock "0:02:10"]

1. d4 Nf6 2. c4 g6 3. Nc3 Bg7 4. e4 O-O 5. Nf3 d6 6. Be2 e5 7. O-O Na6 8. Re1 c6 9. Bf1 Re8 10. d5 cxd5 11. cxd5 Bd7 12. Rb1 Nh5 13. b4 f5 14. Ng5 Nf4 15. Bxf4 exf4 16. Ne6 Bxe6 17. dxe6 Bxc3 18. e7 Qc7 19. Qb3+ Kg7 20. Rec1 Rac8 21. b5 Nb8 22. Rc2 fxe4 23. Rbc1 Qxe7 24. Rxc3 Rxc3 25. Qxc3+ Kh6 26. Qd4 b6 27. Rd1 Nd7 28. Qxd6 Qxd6 29. Rxd6 Nc5 30. Bc4 Re7 31. Kf1 Rd7 0-1


[Site "https://www.chess.com"]

[Event "Titled Tuesday Blitz March 15 Early 2022"]
[White "Shevchenko, Kirill"]
[Black "Samunenkov, Ihor"]
[WhiteFideId "14129574"]
[BlackFideId "14187086"]
[WhiteElo "2624"]
[BlackElo "2409"]
[Result "1-0"]
[Round "08"]
[TimeControl "180+1"]
[Date "2022.03.15"]
[WhiteClock "0:00:30"]
[BlackClock "0:00:14"]

1. e4 c6 2. Nc3 d5 3. Nf3 dxe4 4. Nxe4 Nf6 5. Qe2 Nxe4 6. Qxe4 Nd7 7. Bc4 Nf6 8. Ne5 e6 9. Qe2 b5 10. Bd3 Qc7 11. a4 Bd6 12. Nxc6 b4 13. Nd4 a6 14. Nf5 Bb7 15. Nxg7+ Kf8 16. Nh5 Nxh5 17. Qxh5 Bxg2 18. Rg1 Rg8 19. Bxh7 Rg7 20. d4 Bxh2 21. Bh6 Bxg1 22. Qg5 f6 23. Qxf6+ Qf7 24. Bxg7+ Ke8 25. Bg6 1-0


[Site "https://www.chess.com"]

[Event "Titled Tuesday Blitz March 15 Early 2022"]
[White "Shimanov, Aleksandr"]
[Black "Kowalczyk, Pawel"]
[WhiteFideId "4198603"]
[BlackFideId "1130641"]
[WhiteElo "2636"]
[BlackElo "2344"]
[Result "0-1"]
[Round "08"]
[TimeControl "180+1"]
[Date "2022.03.15"]
[WhiteClock "0:00:03"]
[BlackClock "0:00:14"]

1. e4 c5 2. Nf3 e6 3. b3 Nc6 4. Bb2 Nf6 5. e5 Nd5 6. Na3 Be7 7. g3 O-O 8. Bg2 b6 9. O-O Bb7 10. Nc4 b5 11. Ne3 d6 12. exd6 Qxd6 13. Re1 Rfd8 14. Nxd5 Qxd5 15. Qe2 a6 16. Nh4 Qxd2 17. Qg4 Qg5 18. Qe4 Rab8 19. Nf3 Qg6 20. Qf4 Qxc2 21. Ne5 Nxe5 22. Bxe5 Bxg2 23. Bxb8 Bd5 24. Bc7 Rc8 25. Be5 c4 26. Qg4 g6 27. Qf4 c3 28. Qh6 Bf8 29. Qf4 Qf5 30. Qxf5 gxf5 31. Rac1 b4 32. Rcd1 h5 33. Re3 Rc5 34. Bd4 Ra5 35. a4 Bxb3 36. Rb1 Bd5 37. Bxc3 bxc3 38. Rxc3 Rxa4 39. Rc8 Kg7 40. f4 Rc4 41. Rd8 Bc5+ 42. Kf1 Rc2 43. Rbb8 Bf3 44. Rh8 Rc1# 0-1


[Site "https://www.chess.com"]

[Event "Titled Tuesday Blitz March 15 Early 2022"]
[White "Shkapenko, Pavel"]
[Black "Xie, Bryan"]
[WhiteFideId "4151933"]
[BlackFideId "30941296"]
[WhiteElo "2386"]
[BlackElo "1899"]
[Result "1-0"]
[Round "08"]
[TimeControl "180+1"]
[Date "2022.03.15"]
[WhiteClock "0:00:51"]
[BlackClock "0:00:04"]

1. e4 c5 2. c3 Nf6 3. e5 Nd5 4. d4 cxd4 5. cxd4 e6 6. Nc3 d6 7. Nf3 Nxc3 8. bxc3 Be7 9. Bd3 O-O 10. O-O b6 11. Qc2 h6 12. Qe2 Bb7 13. Re1 Nd7 14. Bc2 Re8 15. Qd3 Nf8 16. exd6 Bxd6 17. Ne5 Bxe5 18. Rxe5 Ng6 19. Re3 e5 20. Bb3 exd4 21. Rxe8+ Qxe8 22. Bxh6 Be4 23. Qxd4 gxh6 24. Re1 Rd8 25. Qxe4 Qxe4 26. Rxe4 Rd2 27. g3 Kf8 28. h4 f6 29. Re6 Kg7 30. h5 Ne5 31. Re7+ Kf8 32. Rxa7 Nf3+ 33. Kg2 Ne1+ 34. Kf1 Nd3 35. Rf7+ Ke8 36. Rxf6 b5 37. g4 b4 38. cxb4 Nxb4 39. Rxh6 Nd3 40. Rf6 Ke7 41. Rf5 Rb2 42. h6 Rb1+ 43. Kg2 Ne1+ 44. Kg3 Rc1 45. h7 Rc3+ 46. f3 Rc8 47. Bg8 1-0


[Site "https://www.chess.com"]

[Event "Titled Tuesday Blitz March 15 Early 2022"]
[White "Shuvalova, Polina"]
[Black "Arabidze, Meri"]
[WhiteFideId "24171760"]
[BlackFideId "13604040"]
[WhiteElo "2355"]
[BlackElo "2335"]
[Result "1-0"]
[Round "08"]
[TimeControl "180+1"]
[Date "2022.03.15"]
[WhiteClock "0:00:24"]
[BlackClock "0:00:04"]

1. d4 f5 2. g3 Nf6 3. Bg2 e6 4. c4 c6 5. Nc3 d5 6. Nh3 Bd6 7. O-O O-O 8. Qc2 Nbd7 9. cxd5 Nxd5 10. e4 fxe4 11. Nxe4 N7f6 12. Nxd6 Qxd6 13. Nf4 Bd7 14. Nd3 Be8 15. Re1 Bg6 16. Qe2 Bxd3 17. Qxd3 Ng4 18. Re2 Rae8 19. h3 Nh6 20. Bxh6 gxh6 21. Rae1 Rf6 22. a3 Ref8 23. Qe4 Qd7 24. h4 Ne7 25. h5 Nf5 26. Qg4+ Qg7 27. Qxg7+ Kxg7 28. Rxe6 Rxe6 29. Rxe6 Nxd4 30. Re4 Nb5 31. f4 Rf7 32. Kf2 Nd6 33. Ra4 a6 34. Rd4 Nf5 35. Rd8 c5 36. a4 b5 37. a5 Nd4 38. Ra8 Rf6 39. Ra7+ Kf8 40. Bb7 Nb3 41. Bxa6 Nxa5 42. Bxb5 Nb3 43. Rxh7 Nd4 44. Bc4 Rb6 45. b3 Nxb3 46. Bxb3 Rxb3 47. Rxh6 c4 48. Rc6 Rc3 49. Kg2 Rc1 50. Kh3 c3 51. Kg4 Kg7 52. Kg5 c2 53. Rc7+ Kh8 54. g4 Kg8 55. Kg6 Kf8 56. Rc8+ Ke7 57. g5 Kd7 58. Rc3 Kd6 59. h6 Kd5 60. h7 1-0


[Site "https://www.chess.com"]

[Event "Titled Tuesday Blitz March 15 Early 2022"]
[White "Spitzl, Vinzent"]
[Black "Coto Mederos, Michel"]
[WhiteFideId "12901253"]
[BlackFideId "3508528"]
[WhiteElo "2160"]
[BlackElo "2427"]
[Result "0-1"]
[Round "08"]
[TimeControl "180+1"]
[Date "2022.03.15"]
[WhiteClock "0:01:40"]
[BlackClock "0:00:44"]

1. e4 e5 2. Nf3 Nc6 3. Bc4 Bc5 4. c3 Nf6 5. d4 exd4 6. cxd4 Bb4+ 7. Nc3 Nxe4 8. O-O Bxc3 9. d5 Bf6 10. Re1 Ne7 11. Rxe4 d6 12. Bg5 Bxg5 13. Nxg5 h6 14. Nxf7 Kxf7 15. Qf3+ Nf5 16. g4 Re8 17. gxf5 Rxe4 18. Qxe4 Qg5+ 19. Kh1 Bxf5 20. Qd4 Re8 21. Bd3 Bh3 22. Be4 Qg4 23. Re1 Bg2+ 0-1


[Site "https://www.chess.com"]

[Event "Titled Tuesday Blitz March 15 Early 2022"]
[White "Szpar, Milosz"]
[Black "Agibileg, Uurtsaikh"]
[WhiteFideId "1184989"]
[BlackFideId "4901606"]
[WhiteElo "2447"]
[BlackElo "2205"]
[Result "1-0"]
[Round "08"]
[TimeControl "180+1"]
[Date "2022.03.15"]
[WhiteClock "0:00:45"]
[BlackClock "0:00:34"]

1. e4 c5 2. c3 e6 3. d4 cxd4 4. cxd4 Nf6 5. Bd3 Nc6 6. Nf3 d6 7. O-O Be7 8. Nc3 e5 9. dxe5 Nxe5 10. Bb5+ Bd7 11. Bxd7+ Qxd7 12. Bg5 Qg4 13. Bxf6 Nxf3+ 14. Qxf3 Qxf3 15. gxf3 Bxf6 16. Nd5 Kd7 17. Rac1 Rhc8 18. Kg2 Be5 19. f4 Bd4 20. Rcd1 Bc5 21. Rd3 a5 22. Rfd1 Ra6 23. Rb3 Rb8 24. Rh3 h6 25. Rg3 g6 26. Rh3 h5 27. Rc3 Kc6 28. b4 axb4 29. Nxb4+ Kc7 30. Nxa6+ bxa6 31. e5 Kd7 32. exd6 Bxd6 33. Rb3 Rxb3 34. axb3 1-0


[Site "https://www.chess.com"]

[Event "Titled Tuesday Blitz March 15 Early 2022"]
[White "Tabatabaei, M. Amin"]
[Black "Kevlishvili, Robby"]
[WhiteFideId "12521213"]
[BlackFideId "1040634"]
[WhiteElo "2544"]
[BlackElo "2584"]
[Result "1-0"]
[Round "08"]
[TimeControl "180+1"]
[Date "2022.03.15"]
[WhiteClock "0:00:08"]
[BlackClock "0:00:07"]

1. d4 d5 2. Nf3 Nf6 3. c3 c6 4. Qc2 Bg4 5. Ne5 Bh5 6. Qf5 e6 7. Qh3 Rg8 8. g4 Bg6 9. Nxg6 hxg6 10. Bg2 Nbd7 11. Nd2 Bd6 12. e3 Qe7 13. f4 O-O-O 14. g5 Nh5 15. Qg4 f6 16. Nf3 Kb8 17. Bd2 e5 18. fxe5 fxe5 19. O-O-O Rgf8 20. Nh4 Qe8 21. Rhf1 e4 22. Bh3 Bxh2 23. Qe6 Qxe6 24. Bxe6 Ng3 25. Rxf8 Nxf8 26. Bg4 Kc7 27. Be1 Re8 28. Rd2 Nf1 29. Rxh2 Nxh2 30. Bg3+ Kb6 31. Bxh2 Re7 32. Kd2 Rf7 33. Ke2 a5 34. Bd6 a4 35. Bxf8 Rxf8 36. Nxg6 Ra8 37. Nf4 Kb5 38. g6 Kc4 39. Kd2 Kb5 40. Ne6 Kb6 41. Ke2 a3 42. bxa3 Rg8 43. Kd2 Kb5 44. Kc2 Ka4 45. Kb2 b6 46. Bd1+ Kb5 47. Kb3 c5 48. a4+ Kc6 49. Nf4 Rh8 50. Bg4 Rh2 51. Be6 c4+ 52. Ka3 Rc2 53. Nxd5 Rg2 54. Bf7 Kd6 55. Kb4 Rxa2 56. Nxb6 Rb2+ 57. Ka5 Kc6 58. Nxc4 Rb1 59. Ne5+ Kd6 60. c4 Rb8 61. c5+ Kc7 62. d5 Rb3 63. d6+ Kb7 64. Bxb3 1-0


[Site "https://www.chess.com"]

[Event "Titled Tuesday Blitz March 15 Early 2022"]
[White "Tay, Junior"]
[Black "Jeet, Jain"]
[WhiteFideId "5800439"]
[BlackFideId "5073022"]
[WhiteElo "2216"]
[BlackElo "2085"]
[Result "0-1"]
[Round "08"]
[TimeControl "180+1"]
[Date "2022.03.15"]
[WhiteClock "0:00:07"]
[BlackClock "0:00:01"]

1. e4 c6 2. Nf3 d5 3. exd5 cxd5 4. Ne5 Nf6 5. d4 Nc6 6. Bb5 Bd7 7. Nxd7 Qxd7 8. c3 e6 9. O-O Bd6 10. Nd2 h6 11. Qe2 O-O 12. f4 a6 13. Bd3 b5 14. a3 Ne7 15. Nf3 Rab8 16. Ne5 Qb7 17. g4 a5 18. g5 Ne4 19. gxh6 g6 20. f5 Nxf5 21. Ng4 Be7 22. Bf4 Rbc8 23. Bxb5 Qb6 24. Bd3 Kh7 25. Rae1 a4 26. Kh1 Bh4 27. Rd1 Qb7 28. Rf3 g5 29. Be5 f6 30. Bg3 Bxg3 31. hxg3 Kg8 32. Kg2 Rb8 33. Rb1 Qc6 34. Rc1 Rb7 35. Rc2 Kf7 36. Ne3 Nxe3+ 37. Rxe3 f5 38. Qh5+ Ke7 39. Bxe4 dxe4 40. Qxg5+ Kd7 41. Rd2 Rf7 42. d5 exd5 43. Qh5 Qe6 44. h7 f4 45. h8=Q fxe3 46. Re2 Kc6 47. Qd4 Rf6 48. Qxa4+ Kb6 49. Qh8 Rf2+ 50. Rxf2 exf2 51. Qd8+ Rc7 52. Qb4+ Kc6 53. Qa4+ Kb6 54. Qb8+ Kc5 55. Qab5+ Kd6 56. Q5b6+ Ke7 57. Q6xc7+ Kf6 58. Qf4+ Kg6 59. Qbf8 f1=Q+ 60. Qxf1 e3 61. Q1f3 e2 0-1


[Site "https://www.chess.com"]

[Event "Titled Tuesday Blitz March 15 Early 2022"]
[White "Thomas, Anysia"]
[Black "Bogumil, Tatiana"]
[WhiteFideId "670472"]
[BlackFideId "4110579"]
[WhiteElo "2002"]
[BlackElo "1761"]
[Result "1/2-1/2"]
[Round "08"]
[TimeControl "180+1"]
[Date "2022.03.15"]
[WhiteClock "0:00:04"]
[BlackClock "0:00:03"]

1. d4 Nf6 2. c4 c5 3. d5 b5 4. cxb5 a6 5. bxa6 Bxa6 6. Nc3 d6 7. e4 Bxf1 8. Kxf1 g6 9. g3 Bg7 10. Kg2 O-O 11. Nf3 Nbd7 12. h3 Qa5 13. Re1 Ne8 14. Qd3 Nc7 15. Re2 Rfb8 16. Bg5 Kf8 17. Rc1 h6 18. Bf4 g5 19. Be3 Ne5 20. Nxe5 Bxe5 21. Rcc2 Qa6 22. Qd1 Nb5 23. Nxb5 Rxb5 24. b3 Rb4 25. f4 Bf6 26. Bf2 Qb7 27. e5 Bg7 28. exd6 exd6 29. fxg5 hxg5 30. Kh2 Bf6 31. Qd3 Kg7 32. Be3 Qd7 33. Rf2 Rh8 34. Qf5 Qxf5 35. Rxf5 g4 36. h4 Be5 37. Kg2 f6 38. Rcf2 Ra8 39. Bf4 Bxf4 40. R5xf4 Rxf4 41. gxf4 f5 42. Kg3 Re8 43. h5 Re3+ 44. Kg2 Kh6 45. Rb2 Rd3 46. a4 Rxd5 47. a5 Rd1 48. Ra2 Re1 49. a6 Re8 50. Rd2 Kxh5 51. Rxd6 Re2+ 52. Kf1 Ra2 53. Rc6 Kh4 54. Rxc5 Kg3 55. Rc3+ Kxf4 56. Rc6 Kg5 57. b4 g3 58. b5 f4 59. Rc7 f3 60. Rc5+ Kf4 61. Rc4+ Ke3 62. Rc1 Rf2+ 63. Kg1 Rg2+ 64. Kf1 Rf2+ 65. Kg1 Rg2+ 66. Kh1 Rh2+ 67. Kg1 Rg2+ 1/2-1/2


[Site "https://www.chess.com"]

[Event "Titled Tuesday Blitz March 15 Early 2022"]
[White "Weishaeutel, Moritz"]
[Black "Bintang, Rasyid A. Hidayat"]
[WhiteFideId "12967300"]
[BlackFideId "7105355"]
[WhiteElo "2002"]
[BlackElo "2350"]
[Result "0-1"]
[Round "08"]
[TimeControl "180+1"]
[Date "2022.03.15"]
[WhiteClock "0:00:01"]
[BlackClock "0:00:37"]

1. e4 d5 2. exd5 Nf6 3. Nf3 Nxd5 4. d4 Bg4 5. Be2 e6 6. O-O Nc6 7. c4 Nb6 8. Be3 Be7 9. Nc3 O-O 10. b3 f5 11. Ne5 Bxe2 12. Nxe2 Nxe5 13. dxe5 Qe8 14. Nf4 Qf7 15. c5 Rad8 16. Qf3 Nd5 17. Rfd1 Nxf4 18. Qxf4 c6 19. Qa4 f4 20. Bd4 f3 21. Rd3 Qg6 22. Rxf3 Rxf3 23. Be3 Rxe3 24. fxe3 Bxc5 25. Qc4 Bxe3+ 26. Kh1 h6 27. Re1 Bb6 28. Qc3 Rd5 29. Qf3 Qd3 30. Qg4 Rxe5 31. Rd1 Qf5 32. Qg3 Kh7 33. h4 Bf2 34. Qc3 Re4 35. g3 Re3 36. Qxe3 Bxe3 0-1


[Site "https://www.chess.com"]